AoeStats
← ...

Lombardia

509351315Analyzed
2v2 RM · 4d ago on Sep 26, 2026· 39m 6s· 4 players
Game mode
Random Map
Map size
Medium (4 player)
Population
200
Speed
Normal
Resources
Standard
Victory
Conquest
Starting age
Dark Age
Ending age
Imperial Age
RankedLock teamsTeams togetherTeam positionsShared explorationLock speedFull tech treeHidden civsTurbo modeCheats
Victory
Defeat
🇨🇿 Bulgarians · Czechia
798
+19
🇨🇿 Britons · Czechia
791
+19
🇩🇪 Aztecs · Germany
872
-19
🇦🇷 Danes · Argentina
859
-19
Gussy
8:54 Loom
11:21 Feudal Age
11:32 Man-at-Arms
21:12 Castle Age
20:52 Arson
21:52 Horse Collar
21:59 Double-Bit Axe
24:17 Forging
24:07 Scale Mail Armor
24:57 Squires
24:42 Gambesons
34:39 Imperial Age
34:03 Hamask
35:28 Chain Mail Armor
35:49 Iron Casting
35:17 Town Watch
36:08 Wheelbarrow
36:51 Capped Ram
Papaya_Banana91
6:48 Loom
13:53 Feudal Age
14:36 Town Watch
17:10 Double-Bit Axe
18:08 Horse Collar
22:14 Castle Age
22:46 Forging
22:37 Scale Mail Armor
23:06 Squires
22:28 Eagle Warrior
22:54 Arson
23:02 Gambesons
23:58 Fletching
26:36 Wheelbarrow
27:37 Chain Mail Armor
27:58 Iron Casting
32:22 Bodkin Arrow
LOLSICK
3:27 Loom
14:07 Feudal Age
15:26 Double-Bit Axe
16:27 Fletching
16:40 Padded Archer Armor
17:18 Horse Collar
21:18 Wheelbarrow
27:29 Castle Age
25:32 Gold Mining
27:31 Crossbowman
28:12 Bodkin Arrow
28:32 Leather Archer Armor
29:03 Heavy Plow
29:14 Bow Saw
36:42 Scale Barding Armor
39:14 Imperial Age
37:24 Hand Cart
...
4:13 Loom
12:02 Feudal Age
23:47 Castle Age
22:19 Forging
22:09 Double-Bit Axe
22:50 Scale Mail Armor
23:31 Scale Barding Armor
24:50 Gambesons
26:02 Horse Collar
31:02 Chain Barding Armor
31:18 Iron Casting
31:02 Heavy Plow
36:59 Imperial Age
37:19 Wheelbarrow
36:38 Gold Mining
36:38 Stone Mining
39:19 Hand Cart
Connection lost

Rejoining the realm…

Still unreachable

The connection could not be restored.

Session expired

The server has moved on; the page needs a fresh start.